Cogmind - Beta 10.2 @@@ ROGUE MODE // 2021.04.19 @ 21:32:22 // Winter2019/RPGLIKE Player: Chiefwannatoke Result: Destroyed by G-50 Soldier with Heavy Laser Performance ------------- Evolutions (4) 2000 Regions Visited (11) 2200 Robots Destroyed (119) 595 Value Destroyed (5565) 5565 Prototype IDs (12) 240 Alien Tech Used (0) 0 Bonus (2887) 2887 TOTAL SCORE: 13487 Bonus ------- High Alert Combat Kills 1362 Follower Combat Kills 1417 Network Hubs Disabled 200 Friendly Fire -92 Cogmind --------- Core Integrity 0/1850 Matter 151/350 Energy 3/550 System Corruption 28% Temperature Cool (-137) Movement Rolling (110) Ox1 Location -6/Hub_04(d) Parts ------- > --- POWER (2) -------- Cold Fusion Reactor Quantum Reactor > --- PROPULSION (4) --- Armored Huge Wheel Armored Huge Wheel > --- UTILITY (8) ------ Improved Cryofiber Web Advanced Signal Interpreter Improved Armor Integrity Analyzer Particle Charger Weapon Cycler Centrium Medium Armor Plating EM Dispersion Field Force Field > --- WEAPON (4) ------- EMDS Improved KE Penetrator Improved KE Penetrator > --- INVENTORY (3) ---- Experimental Heat Sink Improved Sensor Array Peak State ------------ > --- POWER ------------ Cold Fusion Reactor Quantum Reactor > --- PROPULSION ------- Armored Huge Wheel Armored Huge Wheel > --- UTILITY ---------- Improved Cryofiber Web Advanced Signal Interpreter Improved Armor Integrity Analyzer Particle Charger Weapon Cycler Centrium Medium Armor Plating EM Dispersion Field Force Field > --- WEAPON ----------- EMDS Improved KE Penetrator Improved KE Penetrator > --- INVENTORY -------- Experimental Heat Sink Improved Sensor Array [Rating: 110] Favorites ----------- Power Cold Fusion Reactor Engine Light Ion Engine Power Core Light Nuclear Core Reactor Cold Fusion Reactor Propulsion Armored Huge Wheel Leg Aluminum Leg Wheel Armored Huge Wheel Hover Unit Improved Hover Unit Utility Advanced Signal Interpreter Device Weapon Cycler Processor Advanced Signal Interpreter Protection Light Armor Plating Weapon Heavy Beamcaster Energy Gun Heavy Beamcaster Energy Cannon Plasma Cannon Ballistic Gun Improved KE Penetrator Launcher Grenade Launcher Build | -11 -10 -10 -9 -9 -8 -7 -6 -6 -6 -6 -6 ------- Run | Scr Mat Min Mat Min Mat Fac Fac Ext Cet Arc Hub Slots Evolved 14 | 4 . . . . 4 . 1 5 . . . Power 1 | . . . . . . . . 1 . . . Propulsion 3 | 1 . . . . 2 . . . . . . Utility 7 | 2 . . . . 2 . 1 2 . . . Weapon 3 | 1 . . . . . . . 2 . . . Parts Attached 78 | 4 5 . 5 2 10 12 6 19 7 . 8 Power 7 | 1 1 . . . . 2 2 . 1 . . Engine 1 | 1 . . . . . . . . . . . Core 4 | . 1 . . . . 2 1 . . . . Reactor 2 | . . . . . . . 1 . 1 . . Propulsion 10 | 2 . . . 2 4 2 . . . . . Treads . | . . . . . . . . . . . . Leg 4 | 2 . . . 2 . . . . . . . Wheel 3 | . . . . . 2 1 . . . . . Hover 3 | . . . . . 2 1 . . . . . Flight . | . . . . . . . . . . . . Utility 34 | . 3 . 1 . 5 5 2 10 2 . 6 Device 14 | . 1 . . . . 1 2 4 1 . 5 Storage . | . . . . . . . . . . . . Processor 11 | . 2 . . . 3 2 . 3 . . 1 Hackware . | . . . . . . . . . . . . Protection 9 | . . . 1 . 2 2 . 3 1 . . Artifact . | . . . . . . . . . . . . Weapon 27 | 1 1 . 4 . 1 3 2 9 4 . 2 Energy Gun 13 | . 1 . 2 . 1 . 1 7 1 . . Energy Cannon 4 | . . . . . . 3 . . . . 1 Ballistic Gun 9 | 1 . . 1 . . . 1 2 3 . 1 Ballistic Cannon . | . . . . . . . . . . . . Launcher 1 | . . . 1 . . . . . . . . Special Weapon . | . . . . . . . . . . . . Impact Weapon . | . . . . . . . . . . . . Slashing Weapon . | . . . . . . . . . . . . Piercing Weapon . | . . . . . . . . . . . . Special Melee Weapon . | . . . . . . . . . . . . Unidentified Prototypes 13 | . . . 1 . 1 2 1 1 3 . 4 Parts Lost 4 | . . . . . . . . 2 1 . 1 Power . | . . . . . . . . . . . . Propulsion . | . . . . . . . . . . . . Utility 3 | . . . . . . . . 2 1 . . Weapon 1 | . . . . . . . . . . . 1 Highest Loss Streak 2 | . . . . . . . . 2 1 . 1 Average Slot Usage (%) 86 | . 80 100 100 100 95 80 79 82 86 88 86 Core 4 | . 5 12 12 12 8 8 4 . . . . Reactor 3 | . . . . . . . 2 6 10 11 11 Leg 7 | . 25 25 25 25 17 . . . . . . Wheel 8 | . . . . . . 15 15 13 11 11 11 Device 13 | . 9 12 5 . . 3 18 21 22 22 24 Processor 20 | . 18 25 25 25 25 21 15 20 16 16 13 Protection 6 | . . . 6 12 16 13 7 2 4 5 5 Energy Gun 8 | . 1 12 11 12 10 5 1 9 11 11 8 Energy Cannon 2 | . . . . . . 10 10 . . . . Ballistic Gun 7 | . 12 12 12 12 7 . 2 6 10 11 10 Naked Turns . | . . . . . . . . . . . . Heaviest Build 85 | 5 9 9 14 14 18 31 32 40 67 67 85 Greatest Support 61 | 20 20 20 20 20 61 61 61 61 61 61 61 Greatest Overweight (x) 2 | . . . . . 2 . . . 1 1 1 Average Overweight (x) . | . . . . . . . . . . 1 1 Largest Inventory Capacity 3 | 1 1 1 2 2 2 3 3 3 3 3 3 Average Capacity 2 | 1 1 1 1 2 2 2 3 3 3 3 3 Most Carried 3 | . 1 1 2 2 2 3 3 3 3 3 3 Average Carried 2 | . . 1 1 2 2 2 2 2 2 3 2 Final Capacity 3 | 1 1 1 2 2 2 3 3 3 3 3 3 Final Carried 3 | . 1 1 2 2 2 3 3 3 3 3 2 Class Distribution -------------------- 44% | Mutant 28% | Scavenger-Mutant 8% | Commander-Gunner 8% | Scavenger-Gunner 7% | Gunner Dominant Class ---------------- Mutant | -10/Materials Mutant | -10/Mines Scavenger-Mutant | -9/Materials Scavenger-Mutant | -9/Mines Scavenger-Mutant | -8/Materials Mutant | -7/Factory Mutant | -6/Factory Mutant | -6/Extension Scavenger-Mutant | -6/Cetus Scavenger-Gunner | -6/Archives Scavenger-Gunner | -6/Hub_04(d) Resources | -11 -10 -10 -9 -9 -8 -7 -6 -6 -6 -6 -6 ----------- Run | Scr Mat Min Mat Min Mat Fac Fac Ext Cet Arc Hub Matter Collected 2504 | 240 93 83 170 53 152 105 . 857 159 113 479 Remotely . | . . . . . . . . . . . . Salvage Created 5097 | . 137 82 540 138 347 385 283 1630 85 361 1109 Parts 260 | . 15 12 18 14 30 19 13 65 13 14 47 Haulers Intercepted 2 | . . . 1 . 1 . . . . . . Recyclers Shooed 2 | . . . . . . . . 2 . . . Parts Field Recycled . | . . . . . . . . . . . . Retrieved Matter . | . . . . . . . . . . . . Parts Self-Destructed . | . . . . . . . . . . . . Prevented . | . . . . . . . . . . . . Kills | -11 -10 -10 -9 -9 -8 -7 -6 -6 -6 -6 -6 ------- Run | Scr Mat Min Mat Min Mat Fac Fac Ext Cet Arc Hub Combat Hostiles Destroyed 107 | . 5 6 8 6 12 6 4 31 8 3 18 Guns 93 | . 5 6 6 6 10 1 2 31 8 3 15 Cannons 6 | . . . . . . 4 2 . . . . AOE 6 | . . . 2 . 2 . . . . . 2 Classes Destroyed 13 | . 2 1 3 . 1 2 1 1 1 1 . Builder 3 | . . . . . 1 . . 1 . . 1 Hauler 2 | . . . 1 . 1 . . . . . . Recycler 2 | . . . . . . 1 . 1 . . . Operator 1 | . . . . . . . . . . 1 . Watcher 4 | . 1 . . . 1 . . 1 . . 1 Swarmer 15 | . . 6 . 3 4 . . 2 . . . Grunt 56 | . 5 . 6 3 7 2 1 18 7 . 7 Brawler 1 | . . . 1 . . . . . . . . Duelist 2 | . . . . . . . . . 1 . 1 Sentry 15 | . . . 1 . 1 3 1 3 . 3 3 Hunter 8 | . . . . . . . 1 5 . . 2 Programmer 3 | . . . . . . 1 1 1 . . . Behemoth 2 | . . . . . . . . 2 . . . Lightning 5 | . . . . . . . . . . . 5 Best Kill Streak 9 | . 3 3 3 3 5 2 1 9 6 3 6 Combat Bots Only 7 | . 3 3 3 3 5 1 1 7 6 3 6 Max Kills in Single Turn 2 | . 1 2 2 1 2 2 1 2 2 2 2 Gunslinging 1 | . . 1 . . 1 . . . 1 1 . Exploded 2 | . . . 2 . 1 . . . . . 2 Melee . | . . . . . . . . . . . . Uniques/NPCs Destroyed . | . . . . . . . . . . . . Combat | -11 -10 -10 -9 -9 -8 -7 -6 -6 -6 -6 -6 -------- Run | Scr Mat Min Mat Min Mat Fac Fac Ext Cet Arc Hub Damage Taken 7516 | . 418 210 191 86 650 338 195 2236 174 162 2856 Core 5589 | . 352 176 141 65 431 248 149 1682 137 113 2095 Absorbed by Shields 947 | . . . . . . . . 104 87 . 756 Redirected to Core 4774 | . 223 111 127 39 389 174 113 1425 122 113 1938 Core Remaining (%) 86 | 100 . 77 . 85 95 74 . . . . . Volleys Fired 371 | . 30 12 21 11 48 17 17 110 28 9 68 Largest 4 | . 1 2 2 2 2 2 2 3 4 4 4 Hottest 391 | . 20 60 68 68 95 149 149 192 391 391 391 Shots Fired 775 | . 30 24 39 22 75 35 34 249 63 23 181 Gun 722 | . 30 24 38 22 75 8 11 249 63 23 179 Cannon 52 | . . . . . . 27 23 . . . 2 Launcher 1 | . . . 1 . . . . . . . . Special . | . . . . . . . . . . . . Kinetic 411 | . 30 12 20 11 37 . 10 106 41 19 125 Thermal 285 | . . 12 15 . . 18 17 143 22 4 54 Explosive 1 | . . . 1 . . . . . . . . Electromagnetic 78 | . . . 3 11 38 17 7 . . . 2 Robot Hit Streak 66 | . 20 8 24 25 35 16 19 66 13 22 30 Robot Miss Streak 3 | . 1 2 1 1 3 1 1 1 2 1 2 Penetration Max 1 | . . . . . . . 1 1 1 1 1 Secondary Targets 24 | . . 1 . 1 3 . . 9 2 1 7 Max Gunslinging Chain 1 | . . 1 . 1 1 . . 1 1 1 1 Shots Hit Robots 637 | . 27 17 33 19 63 28 30 211 38 22 149 Core Hits 274 | . 12 6 16 10 30 11 8 88 16 7 70 Critical Hits 35 | . . . . . 2 . . 2 3 7 21 Critical Kills 9 | . . . . . 1 . . . 3 3 2 Critical Parts Destroyed 25 | . . . . . 1 . . 2 . 3 19 Melee Attacks . | . . . . . . . . . . . . Impact . | . . . . . . . . . . . . Slashing . | . . . . . . . . . . . . Piercing . | . . . . . . . . . . . . Sneak Attacks . | . . . . . . . . . . . . Combat Hostiles . | . . . . . . . . . . . . Follow-up Attacks . | . . . . . . . . . . . . Damage Inflicted 16674 | . 373 205 579 296 1544 695 913 5146 1138 709 5076 Guns 14256 | . 373 205 427 296 1134 130 225 5146 1138 709 4473 Cannons 1253 | . . . . . . 565 688 . . . . Explosions 1148 | . . . 152 . 410 . . . . . 586 Melee . | . . . . . . . . . . . . Ramming 17 | . . . . . . . . . . . 17 Kinetic 8011 | . 373 107 220 119 444 . 225 2241 703 562 3017 Thermal 6430 | . . 98 193 . 410 314 472 2905 435 147 1456 Explosive 109 | . . . 109 . . . . . . . . Electromagnetic 2107 | . . . 57 177 690 381 216 . . . 586 Impact . | . . . . . . . . . . . . Slashing . | . . . . . . . . . . . . Piercing . | . . . . . . . . . . . . Highest Corruption 28 | . . . . . . 5 1 6 6 6 28 Average Corruption 6 | . . . . . . 4 1 5 6 6 13 Corruption Purged . | . . . . . . . . . . . . Effects 142 | . . . . . . 19 . 51 11 8 53 Message Errors 26 | . . . . . . 6 . 9 4 2 5 Matter Fused 19 | . . . . . . 7 . 6 . 1 5 Heat Flow Errors 6 | . . . . . . 2 . 3 . 1 . Energy Discharges 10 | . . . . . . . . 7 1 . 2 Parts Rejected 1 | . . . . . . . . . . . 1 Data Loss (minor) 7 | . . . . . . 2 . 3 . . 2 Data Loss (major) 1 | . . . . . . . . . 1 . . Misfires 5 | . . . . . . 1 . 3 . 1 . Misdirections 1 | . . . . . . . . . . . 1 Targeting Errors 53 | . . . . . . 1 . 17 4 3 28 Weapon Failures 13 | . . . . . . . . 3 1 . 9 Overload Shots 5 | . . . . . . . . . 1 2 2 Overflow Damage 103 | . . . . . 82 3 18 . . . . Projectiles 21 | . . . . . . 3 18 . . . . Explosions 82 | . . . . . 82 . . . . . . Melee . | . . . . . . . . . . . . Knockbacks . | . . . . . . . . . . . . Impact . | . . . . . . . . . . . . Kinetic . | . . . . . . . . . . . . Secondary . | . . . . . . . . . . . . Self-Inflicted Damage 250 | . . . . . 136 . . . . . 114 Shots 4 | . . . . . 3 . . . . . 1 Rammed 1 | . . . . . . . . . . . 1 Targets Rammed 1 | . . . . . . . . . . . 1 Kicked . | . . . . . . . . . . . . Crushed . | . . . . . . . . . . . . Highest Temperature 476 | . 7 30 . . 168 117 150 364 394 476 436 Average Temperature 83 | . 4 13 . . 72 42 37 88 159 210 128 Received Heat Transfer 1913 | . 237 . 99 39 207 90 9 486 54 18 674 Effects 2 | . . . . . . . . . 2 . . Interference 2 | . . . . . . . . . 2 . . Siege Activations . | . . . . . . . . . . . . Robots Corrupted 2 | . . . . . . 1 . . . . 1 Combat Hostiles 2 | . . . . . . 1 . . . . 1 Parts Fried 17 | . . . . . 3 5 4 . 1 . 4 Impact Corruptions . | . . . . . . . . . . . . Robots Melted . | . . . . . . . . . . . . Combat Hostiles . | . . . . . . . . . . . . Parts Melted 24 | . . . 1 . . . 3 18 . 2 . Heat Transferred 9619 | . . 225 450 . 250 550 750 5073 555 137 1629 Parts Sabotaged . | . . . . . . . . . . . . Parts Stolen . | . . . . . . . . . . . . Parts Stripped . | . . . . . . . . . . . . Power Chain Reactions 4 | . . . 1 . 3 . . . . . . Missiles Intercepted . | . . . . . . . . . . . . Alert | -11 -10 -10 -9 -9 -8 -7 -6 -6 -6 -6 -6 ------- Run | Scr Mat Min Mat Min Mat Fac Fac Ext Cet Arc Hub Peak Influence 1495 | . 202 218 311 291 597 349 282 1441 1495 752 921 Initial 806 | . . 78 84 121 113 189 125 137 806 598 263 Average 442 | . 79 167 176 218 316 232 199 642 1176 709 630 Maximum Alert Level 4 | . 1 1 1 1 2 1 1 4 4 3 3 Low Security (%) 32 | 100 82 56 72 28 36 53 55 14 . . . Level 1 29 | . 17 43 27 71 25 46 44 20 . . 22 Level 2 12 | . . . . . 37 . . 23 . 30 16 Level 3 18 | . . . . . . . . 24 46 70 60 Level 4 7 | . . . . . . . . 17 53 . . Level 5 . | . . . . . . . . . . . . High Security . | . . . . . . . . . . . . Max Security . | . . . . . . . . . . . . Squads Dispatched 30 | . 2 . 1 . 2 4 2 9 3 . 7 Investigation 9 | . . . . . . 2 . 4 3 . . Extermination 1 | . . . . . . 1 . . . . . Reinforcement 20 | . 2 . 1 . 2 1 2 5 . . 7 Assault . | . . . . . . . . . . . . Garrison . | . . . . . . . . . . . . Intercept . | . . . . . . . . . . . . Construction Impeded 4 | . . . . . 1 . . 1 . . 2 Haulers Reinforced 1 | . . . . . . . 1 . . . . Stealth | -11 -10 -10 -9 -9 -8 -7 -6 -6 -6 -6 -6 --------- Run | Scr Mat Min Mat Min Mat Fac Fac Ext Cet Arc Hub Distress Signals 10 | . 1 . . . 3 . . 4 1 . 1 Communications Jammed . | . . . . . . . . . . . . Distress Signals . | . . . . . . . . . . . . Times Spotted 207 | . 13 6 9 7 23 10 5 63 21 8 42 Peak Tracking Total 13 | . 6 3 3 3 8 2 2 7 8 2 13 Tactical Retreats 12 | . 1 . . 2 2 1 . 2 1 . 3 Traps | -11 -10 -10 -9 -9 -8 -7 -6 -6 -6 -6 -6 ------- Run | Scr Mat Min Mat Min Mat Fac Fac Ext Cet Arc Hub Traps Triggered 4 | . . . . . . 1 . . . . 3 Indirectly 3 | . . . . . . . . . . . 3 Trap Hack Attempts . | . . . . . . . . . . . . Triggered . | . . . . . . . . . . . . Disarmed . | . . . . . . . . . . . . Reprogrammed . | . . . . . . . . . . . . Reused . | . . . . . . . . . . . . Traps Extracted . | . . . . . . . . . . . . Installed . | . . . . . . . . . . . . Triggered 1 | . . . . . 1 . . . . . . Machines | -11 -10 -10 -9 -9 -8 -7 -6 -6 -6 -6 -6 ---------- Run | Scr Mat Min Mat Min Mat Fac Fac Ext Cet Arc Hub Machines Disabled 20 | . . . . . 2 . . 3 11 1 3 Max in Single Turn 2 | . . . . . 1 . . 1 2 1 2 Network Hub 1 | . . . . . . . . . . . 1 Machines Sabotaged . | . . . . . . . . . . . . Garrisons Compromised . | . . . . . . . . . . . . Overloaded Fab Kills . | . . . . . . . . . . . . Fab Network Shutdowns . | . . . . . . . . . . . . Hacking | -11 -10 -10 -9 -9 -8 -7 -6 -6 -6 -6 -6 --------- Run | Scr Mat Min Mat Min Mat Fac Fac Ext Cet Arc Hub Machines Accessed 24 | . 1 . . . 2 2 3 12 3 1 . Terminals 19 | . 1 . . . 2 1 2 10 3 . . Fabricators 2 | . . . . . . 1 1 . . . . Repair Stations 1 | . . . . . . . . 1 . . . Recycling Units 1 | . . . . . . . . 1 . . . Scanalyzers . | . . . . . . . . . . . . Garrison Access . | . . . . . . . . . . . . Total Hacks 78 | . 2 . . . 4 3 8 27 9 25 . Successful 47 | . 1 . . . 2 1 6 11 1 25 . Failed 31 | . 1 . . . 2 2 2 16 8 . . Catastrophic 9 | . 1 . . . . . . 5 3 . . Database Lockouts . | . . . . . . . . . . . . Manual 4 | . . . . . . 1 1 . 2 . . Terminals 44 | . 2 . . . 4 2 5 22 9 . . Fabricators 4 | . . . . . . 1 3 . . . . Repair Stations 3 | . . . . . . . . 3 . . . Recycling Units 2 | . . . . . . . . 2 . . . Scanalyzers . | . . . . . . . . . . . . Garrison Access . | . . . . . . . . . . . . Terminal Hacks 41 | . 1 . . . 2 . 3 9 1 25 . Record 26 | . . . . . . . . . 1 25 . Robot Analysis 1 | . . . . . . . . 1 . . . Open Door 9 | . . . . . . . 1 8 . . . Branch Access Points 1 | . 1 . . . . . . . . . . Locate Traps 1 | . . . . . 1 . . . . . . Hauler Manifests 1 | . . . . . 1 . . . . . . Registered Components 1 | . . . . . . . 1 . . . . Registered Prototypes 1 | . . . . . . . 1 . . . . Fabricator Hacks 3 | . . . . . . 1 2 . . . . Network Status 3 | . . . . . . 1 2 . . . . Repair Station Hacks 2 | . . . . . . . . 2 . . . Scan Component 1 | . . . . . . . . 1 . . . Repair 1 | . . . . . . . . 1 . . . Recycling Unit Hacks . | . . . . . . . . . . . . Scanalyzer . | . . . . . . . . . . . . Garrison Access Hacks . | . . . . . . . . . . . . Unauthorized Hacks 1 | . . . . . . . 1 . . . . Terminals . | . . . . . . . . . . . . Fabricators 1 | . . . . . . . 1 . . . . Siphon 1 | . . . . . . . 1 . . . . Repair Stations . | . . . . . . . . . . . . Recycling Units . | . . . . . . . . . . . . Scanalyzers . | . . . . . . . . . . . . Garrison Access . | . . . . . . . . . . . . Data Cores Recovered . | . . . . . . . . . . . . Used . | . . . . . . . . . . . . Hacking Detections 17 | . 1 . . . 2 2 1 8 3 . . Full Trace Events 8 | . . . . . . 1 . 4 3 . . Feedback Events 1 | . . . . . . . . 1 . . . Corruption 1 | . . . . . . . . 1 . . . Feedback Blocked . | . . . . . . . . . . . . Robot Schematics Acquired . | . . . . . . . . . . . . Robots Built . | . . . . . . . . . . . . Matter . | . . . . . . . . . . . . Time . | . . . . . . . . . . . . Total Robot Build Rating . | . . . . . . . . . . . . Part Schematics Acquired . | . . . . . . . . . . . . Parts Built . | . . . . . . . . . . . . Matter . | . . . . . . . . . . . . Time . | . . . . . . . . . . . . Total Part Build Rating . | . . . . . . . . . . . . Parts Repaired 1 | . . . . . . . . 1 . . . Time 19 | . . . . . . . . 19 . . . Parts Recycled . | . . . . . . . . . . . . Recycled Matter . | . . . . . . . . . . . . Retrieved Matter . | . . . . . . . . . . . . Retrieved Components . | . . . . . . . . . . . . Parts Scanalyzed . | . . . . . . . . . . . . Part Schematics Acquired . | . . . . . . . . . . . . Parts Damaged . | . . . . . . . . . . . . Bothacking | -11 -10 -10 -9 -9 -8 -7 -6 -6 -6 -6 -6 ------------ Run | Scr Mat Min Mat Min Mat Fac Fac Ext Cet Arc Hub Used RIF Installer . | . . . . . . . . . . . . Robots Hacked . | . . . . . . . . . . . . Non-combat . | . . . . . . . . . . . . Combat . | . . . . . . . . . . . . Robot Hacks Applied . | . . . . . . . . . . . . Relay Couplers Released . | . . . . . . . . . . . . Robots Rewired 11 | . . . . . . . . 11 . . . Allies Hacked 1 | . . . . . . . . 1 . . . Hacks Repelled . | . . . . . . . . . . . . Allies | -11 -10 -10 -9 -9 -8 -7 -6 -6 -6 -6 -6 -------- Run | Scr Mat Min Mat Min Mat Fac Fac Ext Cet Arc Hub Total Allies 23 | . . . . 3 . . . 20 . . . Largest Group 11 | . . . . 3 3 . . 11 11 2 1 Highest-Rated Group 446 | . . . . 40 40 . . 446 446 185 32 Highest-Rated Ally 156 | . . . . 16 16 . . 156 156 148 32 Total Orders 1 | . . . . . . . . . 1 . . STAY 1 | . . . . . . . . . 1 . . Ally Attacks 286 | . . . . . 46 . . 135 87 14 4 Total Damage 4883 | . . . . . 484 . . 2520 1771 58 50 Kills 45 | . . . . . 6 . . 23 15 1 . Allies Corrupted . | . . . . . . . . . . . . Allies Melted 2 | . . . . . . . . . 2 . . Intel | -11 -10 -10 -9 -9 -8 -7 -6 -6 -6 -6 -6 ------- Run | Scr Mat Min Mat Min Mat Fac Fac Ext Cet Arc Hub Robot Analysis Total 1 | . . . . . . . . 1 . . . Derelict Logs Recovered . | . . . . . . . . . . . . Drone Launches . | . . . . . . . . . . . . Drone Recoveries . | . . . . . . . . . . . . Exploration | -11 -10 -10 -9 -9 -8 -7 -6 -6 -6 -6 -6 ------------- Run | Scr Mat Min Mat Min Mat Fac Fac Ext Cet Arc Hub Turns Passed 4597 | 32 331 176 222 390 416 603 324 1149 300 170 484 Spaces Moved 2851 | 27 198 108 113 268 249 517 264 622 160 127 198 Core 8 | 8 . . . . . . . . . . . Treads . | . . . . . . . . . . . . Legs 809 | 19 198 108 113 268 103 . . . . . . Wheels 1894 | . . . . . 6 517 264 622 160 127 198 Hover 140 | . . . . . 140 . . . . . . Flight . | . . . . . . . . . . . . Fastest Speed 50 | 50 120 120 120 120 76 100 100 100 100 110 110 Average Speed 106 | 99 120 120 120 120 96 100 100 100 108 110 110 Slowest Speed 200 | 120 120 120 120 120 200 100 100 100 110 110 110 Overloaded Moves . | . . . . . . . . . . . . Propulsion Burnouts . | . . . . . . . . . . . . Robots Hopped . | . . . . . . . . . . . . Cave-ins Triggered . | . . . . . . . . . . . . Exploration Rate (%) 38 | 3 45 21 15 48 33 22 10 77 64 90 31 Regions Visited 11 Branch Regions 6 Pre-discovered Areas 1 | . . . . 1 . . . . . . . Known Exits Taken 10 | . 1 1 1 1 1 1 1 1 1 1 . Unknown Exits Taken 1 | 1 . . . . . . . . . . . Scrap Searched 1 | . . 1 . . . . . . . . . Spaces Dug . | . . . . . . . . . . . . Terrain Destroyed 218 | . . . 10 . 49 2 . . 3 3 151 Melee . | . . . . . . . . . . . . Projectile 34 | . . . . . . 2 . . 3 3 26 AOE 184 | . . . 10 . 49 . . . . . 125 Terrain Rammed . | . . . . . . . . . . . . Walls Destroyed . | . . . . . . . . . . . . Machines Disabled . | . . . . . . . . . . . . Actions | -11 -10 -10 -9 -9 -8 -7 -6 -6 -6 -6 -6 --------- Run | Scr Mat Min Mat Min Mat Fac Fac Ext Cet Arc Hub Total 3825 | 30 259 130 159 315 348 568 295 986 247 142 346 Wait 232 | . 11 6 18 23 8 11 1 65 33 7 49 Move 2840 | 26 197 107 112 267 248 516 263 621 159 126 198 Hop . | . . . . . . . . . . . . Pick Up 12 | . 1 . 1 . 1 . 2 3 2 . 2 Fast Attach 46 | 4 5 . 1 . 9 8 5 8 3 . 3 Attach 3 | . . . . . . . . 1 1 . 1 Detach . | . . . . . . . . . . . . Swap 29 | . . . 4 2 1 4 1 10 3 . 4 Drop 50 | . 1 . 2 2 8 9 6 13 4 . 5 Fire 371 | . 30 12 21 11 48 17 17 110 28 9 68 Melee . | . . . . . . . . . . . . Ram 1 | . . . . . . . . . . . 1 Kick . | . . . . . . . . . . . . Crush . | . . . . . . . . . . . . Escape Stasis . | . . . . . . . . . . . . Rewire 63 | . . . . . . . . 63 . . . Trap . | . . . . . . . . . . . . Miscellaneous 178 | . 14 5 . 10 25 3 . 92 14 . 15 Route ------- -11/Scrapyard -10/Materials (discovered 2 exits: *Min x2) -10/Mines -9/Materials -9/Mines -8/Materials -7/Factory -6/Factory (discovered 2 exits: *Fac / *Ext) -6/Extension (discovered 3 exits: *Fac x2 / *Cet) -6/Cetus -6/Archives (discovered 3 exits: *Fac / *Hub x2) -6/Hub_04(d) (discovered 1 exit: *Fac) History --------- Turn | Location | Event 1 | -11/Scrapyard | Upgraded with Propulsion slot (x1) 1 | -11/Scrapyard | Upgraded with Utility slot (x2) 1 | -11/Scrapyard | Upgraded with Weapon slot (x1) 10 | -11/Scrapyard | Discovered new exit (range 14) 33 | -11/Scrapyard | Entered Materials 146 | -10/Materials | Identified exit to Mines 301 | -10/Materials | Build established: Mutant 364 | -10/Materials | Entered Mines 391 | -10/Mines | Discovered new exit (range 12) 403 | -10/Mines | Reached level 2 539 | -10/Mines | Identified exit to Materials 540 | -10/Mines | Entered Materials 542 | -9/Materials | Reached level 3 619 | -9/Materials | Discovered new exit (range 12) 761 | -9/Materials | Identified exit to Mines 762 | -9/Materials | Entered Mines 764 | -9/Mines | Reached level 4 850 | -9/Mines | Discovered new exit (range 6) 930 | -9/Mines | Learned location of Storage (-8) 942 | -9/Mines | Build established: Scavenger-Mutant 1056 | -9/Mines | Assisted by bots powering up and referring to "LRC-V3" 1133 | -9/Mines | Identified exit to Materials 1152 | -9/Mines | Entered Materials 1152 | -8/Materials | Accompanied by 3 allies 1154 | -8/Materials | Reached level 5 1154 | -8/Materials | Upgraded with Utility slot (x2) 1243 | -8/Materials | Reached level 6 1351 | -8/Materials | Upgraded with Propulsion slot (x2) 1477 | -8/Materials | Reached level 7 1550 | -8/Materials | Discovered new exit (range 8) 1555 | -8/Materials | Identified exit to Factory 1568 | -8/Materials | Entered Factory 1570 | -7/Factory | Reached level 8 1861 | -7/Factory | Build established: Mutant 1968 | -7/Factory | Reached level 9 2164 | -7/Factory | Discovered new exit (range 8) 2170 | -7/Factory | Identified exit to Factory 2171 | -7/Factory | Entered another Factory area 2173 | -6/Factory | Reached level 10 2174 | -6/Factory | Upgraded with Utility slot (x1) 2254 | -6/Factory | Discovered new exit (range 16) 2332 | -6/Factory | Identified exit to Factory 2491 | -6/Factory | Discovered new exit (range 6) 2494 | -6/Factory | Identified exit to Extension 2495 | -6/Factory | Entered Extension 2497 | -6/Extension | Reached level 11 2506 | -6/Extension | Disrupted transfer network 2549 | -6/Extension | Found Prototype Processor 2549 | -6/Extension | Identified Exp. Targeting Computer 2589 | -6/Extension | Rescued a captive Derelict 2590 | -6/Extension | Rescued a captive Derelict 2643 | -6/Extension | Core integrity fell below 50% 2681 | -6/Extension | Upgraded with Utility slot (x1) 2763 | -6/Extension | Repaired Particle Charger 2800 | -6/Extension | Reached level 12 2815 | -6/Extension | Rescued a captive Derelict 2843 | -6/Extension | Upgraded with Weapon slot (x1) 2874 | -6/Extension | Rescued a captive Derelict 2908 | -6/Extension | Core integrity fell below 20% 2939 | -6/Extension | Reached level 13 3139 | -6/Extension | Reached level 14 3163 | -6/Extension | Rescued a captive Derelict 3166 | -6/Extension | Spotted B-75 Beast 3178 | -6/Extension | Destroyed 7 combat bots 3179 | -6/Extension | Destroyed B-75 Beast 3187 | -6/Extension | Spotted B-75 Beast 3198 | -6/Extension | Destroyed B-75 Beast 3250 | -6/Extension | Discovered exit to Factory (range 3) 3281 | -6/Extension | Build established: Gunner 3295 | -6/Extension | Reached level 15 3321 | -6/Extension | Rescued A7 3437 | -6/Extension | Rescued a captive Derelict 3446 | -6/Extension | Reached level 16 3455 | -6/Extension | Upgraded with Utility slot (x1) 3457 | -6/Extension | Upgraded with Power slot (x1) 3457 | -6/Extension | Upgraded with Weapon slot (x1) 3503 | -6/Extension | Reached level 17 3521 | -6/Extension | Rescued a captive Derelict 3521 | -6/Extension | Rescued a captive Derelict 3609 | -6/Extension | Discovered exit to Factory (range 10) 3610 | -6/Extension | Discovered new exit (range 6) 3615 | -6/Extension | Identified exit to Cetus 3644 | -6/Extension | Entered Cetus 3644 | -6/Cetus | Accompanied by 11 allies (A7) 3646 | -6/Cetus | Build established: Commander-Gunner 3649 | -6/Cetus | Acquired a Cetus Manufacturing Module code from A7 3658 | -6/Cetus | Spotted Cetus Guard 3658 | -6/Cetus | Spotted Cetus Guard 3660 | -6/Cetus | Spotted Cetus Guard 3662 | -6/Cetus | Spotted Cetus Guard 3668 | -6/Cetus | Allies destroyed Cetus Guard 3669 | -6/Cetus | Allies destroyed Cetus Guard 3672 | -6/Cetus | Allies destroyed Cetus Guard 3676 | -6/Cetus | Allies destroyed Cetus Guard 3759 | -6/Cetus | Reached level 18 3783 | -6/Cetus | Cetus Manufacturing Module disabled 3855 | -6/Cetus | Failed to start Cetus Manufacturing Module 3897 | -6/Cetus | Reached level 19 3913 | -6/Cetus | Discovered new exit (range 16) 3936 | -6/Cetus | Identified exit to Archives 3944 | -6/Cetus | Entered Archives 3944 | -6/Archives | Accompanied by 2 allies (A7) 4005 | -6/Archives | Unable to access archive contents 4018 | -6/Archives | Unable to access archive contents 4023 | -6/Archives | Discovered exit to Factory (range 17) 4029 | -6/Archives | Unable to access archive contents 4034 | -6/Archives | Discovered new exit (range 17) 4040 | -6/Archives | Unable to access archive contents 4061 | -6/Archives | Identified exit to Hub_04(d) 4087 | -6/Archives | Discovered exit to Hub_04(d) (range 14) 4114 | -6/Archives | Entered Hub_04(d) 4114 | -6/Hub_04(d) | Accompanied by 1 ally 4257 | -6/Hub_04(d) | Discovered exit to Factory (range 5) 4287 | -6/Hub_04(d) | Build established: Scavenger-Gunner 4297 | -6/Hub_04(d) | Network Hub disabled 4332 | -6/Hub_04(d) | Spotted Lightning 4337 | -6/Hub_04(d) | Spotted Lightning 4339 | -6/Hub_04(d) | Spotted Lightning 4351 | -6/Hub_04(d) | System corruption reached 10% 4367 | -6/Hub_04(d) | Destroyed Lightning 4378 | -6/Hub_04(d) | Reached level 20 4378 | -6/Hub_04(d) | Destroyed Lightning 4381 | -6/Hub_04(d) | Destroyed Lightning 4390 | -6/Hub_04(d) | Spotted Lightning 4391 | -6/Hub_04(d) | Found Prototype Device 4392 | -6/Hub_04(d) | Spotted Lightning 4394 | -6/Hub_04(d) | Identified EM Dispersion Field 4402 | -6/Hub_04(d) | Found Prototype Processor 4403 | -6/Hub_04(d) | Identified Exp. Targeting Computer 4405 | -6/Hub_04(d) | Spotted Lightning 4419 | -6/Hub_04(d) | Spotted Lightning 4423 | -6/Hub_04(d) | Spotted Lightning 4484 | -6/Hub_04(d) | Destroyed Lightning 4486 | -6/Hub_04(d) | Destroyed Lightning 4503 | -6/Hub_04(d) | Found Prototype Energy Cannon 4503 | -6/Hub_04(d) | Identified EMDS 4504 | -6/Hub_04(d) | Spotted Lightning 4506 | -6/Hub_04(d) | Spotted Lightning 4506 | -6/Hub_04(d) | Spotted Lightning 4573 | -6/Hub_04(d) | Disrupted transfer network 4598 | -6/Hub_04(d) | Destroyed by G-50 Soldier with Heavy Laser Last Messages --------------- 04586_ Penetrated by EMDS Slug. 04588_ System corrupted: Imp. KE Penetrator targeting data glitched. 04588_ Slug penetrates Lightning. 04588_ Penetrated by EMDS Slug. 04589_ System corrupted: Component data lost. 04589_ EMDS Slug penetrates Lightning. 04589_ Penetrated by EMDS Slug. 04591_ System corrupted: Imp. KE Penetrator jammed. 04591_ System corrupted: Imp. KE Penetrator targeting data glitched. 04591_ Slug penetrates Lightning. 04591_ Lightning suffers critical hit. 04591_ Destroyed Quantum Reactor. 04592_ Penetrated by EMDS Slug. 04595_ System corrupted: Imp. KE Penetrator targeting data glitched. 04595_ Slug penetrates Lightning. 04595_ System corrupted: Imp. KE Penetrator targeting data glitched. 04596_ Penetrated by EMDS Slug. 04597_ Slug penetrates Lightning. 04597_ Lightning suffers critical hit. 04597_ Destroyed Prototype Leg. Map ----- +----------------------------------------------------+ | ????????????????# # = ^ " | | ????????????????###]* # # | | ??????????????????#=%= ############# | | ??????????????????##]####???????????? | | ??????????????????##!#??????????????? | | ??????????????????#%=#??????????????? | | ?????????????????#%#%#??????????????? | | ?????????????????###!#??????????????? | | ??????????????????#%=#??????????????? | | ???????????????????# #??????????????? | | ??????????????????##[#?##########???? | | ?????????????????##"!### ]]]#???? | | ?????????????????#%%===# ]] #???? | | ?????????????????# !=!!# ]] #???? | | ?????????????????# * + * #???? | | ?????????????????# # % """ #??? | | ??????????# ????## # ="""" #???? | | ?????###### ####;# #" """" #???? | | ?????# ## """ #???? | | ?????# ## #???? | | ?????# ###########???? | | ?????# ##???# ####? | | ?????# ##### ""#? | | ????? hhg "#? | | ????? ########## !!highhg #? | | ?????????????#;; ; =i%!h@ #? | | ????????????????## =!##### ""#? | | ?????????????????#;""###???# ####? | | ?????????????????# ?????######???? | | ?????????????????# " ??????????????? | | ?????????????????# " ??????????????? | | ?????????????????# " ??????????????? | | ?????????????????# ??????????????? | | ?????????????????# ? ??????????????? | | ?????????????????# ? ??????????????? | | ?????????????????# ? ??????????????? | | ?????????????????# ? ??????????????? | | ?????????????????#??????????????????? | | ????????????????????????????????????? | | ????????????????????????????????????? | | ????????????????????????????????????? | | ????????????????????????????????????? | | ????????????????????????????????????? | | ????????????????????????????????????? | | ????????????????????????????????????? | | ????????????????????????????????????? | | ????????????????????????????????????? | | ????????????????????????????????????? | | ????????????????????????????????????? | | ????????????????????????????????????? | +----------------------------------------------------+ Best States ------------- Heat Dissipation 93 Energy Generation 62 Energy Capacity 550 Matter Stores 350 Matter Capacity 350 Sight Range 17 Robot Scan Range 13 Terrain Scan Density 10 Base Temperature (-) 150 EM Shielding 2 Armor Coverage 300 Resistance: KI 10 Resistance: TH 10 Resistance: EX 20 Resistance: EM 75 Weapon Cycling 15 Evasion (%) 49 Targeting Accuracy 13 Armor Integrity Analysis 50 Recoil Reduction 2 Particle Charging 15 Item Schematics ----------------- None Robot Schematics ------------------ None Fabricated ------------ Nothing Alien Tech Used ----------------- None Achievements -------------- Prison Break Project G-00 Challenges ------------ None RPGLIKE | -11 -10 -10 -9 -9 -8 -7 -6 -6 -6 -6 -6 --------- Run | Scr Mat Min Mat Min Mat Fac Fac Ext Cet Arc Hub Levels Raised 19 | . . 1 1 1 3 2 1 7 2 . 1 XP Earned 31749 | 3000 710 1200 2485 1350 4136 2425 2130 9922 2766 352 1273 XP Spent 31420 | 2950 . . 2915 . 5965 1795 1700 10150 1020 . 4925 Upgrades 74 | 6 . . 12 . 10 6 1 22 4 . 13 Power Slot 1 | . . . . . . . . 1 . . . Propulsion Slot 3 | 1 . . . . 2 . . . . . . Utility Slot 7 | 2 . . . . 2 . 1 2 . . . Weapon Slot 3 | 1 . . . . . . . 2 . . . Core Integrity 25 | . . . 3 . 1 1 . 11 . . 9 Heat Dissipation 7 | . . . 3 . 1 1 . . 2 . . Energy Generation 5 | . . . . . 1 1 . 1 . . 2 Energy Storage 2 | . . . . . 1 . . 1 . . . Matter Storage 1 | . . . 1 . . . . . . . . Mass Support 1 | . . . . . 1 . . . . . . Inventory Capacity 3 | 1 . . 1 . . 1 . . . . . Sight Range 1 | . . . 1 . . . . . . . . Ranged Accuracy 5 | 1 . . 3 . 1 . . . . . . KI Resistance % 2 | . . . . . . . . 2 . . . TH Resistance % 2 | . . . . . . 1 . 1 . . . EX Resistance % 4 | . . . . . . 1 . 1 . . 2 TH Damage % 2 | . . . . . . . . . 2 . . Protomatter Created 2040 | . 123 26 . 77 260 154 37 634 336 . 393 Integrity Restored 3922 | . 317 78 . 231 549 60 . 2052 278 . 357 Core 3738 | . 317 78 . 231 506 60 . 2052 137 . 357 Parts 184 | . . . . . 43 . . . 141 . . Protomatter Decayed 1597 | . 17 . . . 177 134 . 564 321 . 384 Game ------ Seed AluminumAutogunCasing Manual? 0 Play Time 01:36:21 Cumulative 29.5 hours Start 2021.04.19 @ 19:07:35 End 2021.04.19 @ 21:32:22 Sessions 1 Manual Loads 0 Difficulty Rogue Special Mode Winter2019/RPGLIKE Game No. 29 Rogue 29 Adventurer 0 Explorer 0 Win Type - Total 0 Types 0/0/0/0/0/0/0/0/0 Lore% 41 Gallery% 45 Achievement% 39 Wizard Run 0 Options --------- ASCII 0 Keyboard 0 Movement Numpad Keybinds 0 Fullscreen 1 Font 18/SmallcapsGlow Map View 76x50 Tactical HUD 1 Map Filters NONE Filters NONE Steam 1 RUN: 0008ca4e-6d8c-47b8-9fb4-b35867203617